 Dungeon Sprint DCSS version 0.17-a0-945-g601bd79 (webtiles) character file.

8700000 ahoge the Axe Maniac (level 27, -10/249 HPs)
             Began as a Demonspawn Gladiator on May 6, 2015.
             Was the Champion of Makhleb.
             Mangled by a meat berserker
             ... wielding a +9 battleaxe
              (17 damage)
             ... in the Dungeon (Sprint VIII: "Arena of Blood").
             The game lasted 00:09:31 (87 turns).

ahoge the Axe Maniac (Demonspawn Gladiator)           Turns: 87, Time: 00:09:31

Health: -10/249    AC: 10    Str: 22    XL:     27
Magic:  54/54      EV: 43    Int: 12    God:    Makhleb [******]
Gold:   0          SH:  0    Dex: 28    Spells: 0 memorised, 80 levels left

rFire  + . .     SeeInvis +     l - +∞ Axe of Woe
rCold  + . .     Clarity  .     b - +0 leather armour
rNeg   + . .     SustAb   .     (no shield)
rPois  .         Gourm    .     (helmet unavailable)
rElec  .         Spirit   .     (no cloak)
rCorr  .         Warding  .     (no gloves)
rMut   .         NoTele   +     (no boots)
MR     ++...                    (no amulet)
Stlth  ++++++++++               (no ring)
                                (no ring)

@: mighty, agile, drained, very resistant to hostile enchantments, uncannily
stealthy
A: antennae 3, icy blue scales 3, fire resistance 1, ignite blood, negative
energy resistance 1, powered by pain 3, 50% torment resistance, black mark,
flame cloud immunity
a: Minor Destruction, Lesser Servant of Makhleb, Major Destruction, Greater
Servant of Makhleb, Renounce Religion


You were in the Dungeon.
You worshipped Makhleb.
Makhleb was exalted by your worship.
You were not hungry.

You visited 1 branch

Inventory:

Hand weapons
 a - a +0 war axe
 l - the +∞ Axe of Woe (weapon)
   (You found it in the Dungeon)
Missiles
 d - 3 throwing nets (quivered)
Armour
 b - a +0 leather armour (worn)
 c - a +0 helmet
Scrolls
 k - a scroll of blinking
Potions
 f - a potion of curing
 g - a potion of heal wounds
 h - a potion of haste
 i - 2 potions of magic
 j - a potion of berserk rage
Comestibles
 e - a bread ration


   Skills:
 O Level 27(26.2) Fighting
 O Level 27(26.2) Axes
 O Level 27(26.2) Throwing
 O Level 27(26.2) Armour
 O Level 27(26.2) Dodging
 O Level 27(26.2) Stealth
 O Level 27(26.2) Unarmed Combat
 O Level 27(26.2) Spellcasting
 O Level 27(26.2) Invocations


You had 80 spell levels left.
You didn't know any spells.

Dungeon Overview and Level Annotations

Branches:
Dungeon (1/1)

Altars:
Makhleb


Innate Abilities, Weirdness & Mutations

You have a pair of large antennae on your head (SInv).
You are completely covered in icy blue scales (AC +4, EV -1, rC+).
Your flesh is heat resistant.
Your demonic aura causes spilled blood to erupt in flames.
You resist negative energy.
You are powered by pain.
You are somewhat able to resist unholy torments (1 in 2 success).
Your melee attacks sometimes drain vitality from your foes.
You are immune to clouds of flame.


Message History

You feel somewhat more hungry.
The accursed gestures at you while chanting.
Something smites you!
* * * LOW HITPOINT WARNING * * *
The eight-headed meat hydra calls on the powers of darkness!
The eight-headed meat hydra convulses!
Your body is wracked with pain!
* * * LOW HITPOINT WARNING * * *
The meat berserker convulses!
You hear a shout! x2
The dread calls on the powers of darkness!
The eight-headed meat hydra convulses!
The meat berserker convulses!
Your body is wracked with pain!
* * * LOW HITPOINT WARNING * * *
You hear a shout!
The eight-headed meat hydra calls on the powers of darkness!
The eight-headed meat hydra convulses!
The meat berserker convulses!
You feel a surge of unholy energy.
You hear a shout!
The meat berserker hits you with a +9 battleaxe!
You die...

####...W.##.##.
....%...........
#.%........#.#..
#....%...%.....%
#%..........o..
..#..%..........
..D.........W..%
......§@O)..%...
......#§))....#
#.... #§))M...#
....###))...%.###.
........%###......
.#.......DX.......
.......#W....#....
.......#_.<._# . .
.......#.....#


You could see an accursed, 2 eight-headed meat hydras, 2 wretched souls, a
dread, a meat berserker (berserk) and a bag of meat.

Vanquished Creatures
  5 hell beasts (D)
  A greater mummy (D)
  Harold (D)
  10 vampire knights (D)
  15 ogres (D)
  3 liches (D)
  63 orcs (D)
  5 hill giants (D)
  2 skeletal warriors (D)
  A balrug (D)
  3 small abominations (D)
  12 large abominations (D)
  7 crawling corpses (D)
128 creatures vanquished.

Vanquished Creatures (others)
  A blizzard demon (D)
  A green death (D)
  2 crawling corpses (D)
4 creatures vanquished.

Grand Total: 132 creatures vanquished

Notes
Turn   | Place    | Note
--------------------------------------------------------------
     0 | D        | ahoge, the Demonspawn Gladiator, began the quest for the Orb.
     0 | D        | Reached XP level 1. HP: 16/16 MP: 1/1
     3 | D        | Noticed a bag of meat
     4 | D        | Became a worshipper of Makhleb the Destroyer
     5 | D        | Noticed a meat berserker
     6 | D        | Noticed a meat berserker
     6 | D        | Noticed a bag of meat
     6 | D        | Noticed a bag of meat
     7 | D        | Noticed a bag of meat
     7 | D        | Noticed a meat berserker
     9 | D        | Noticed a bag of meat
    10 | D        | Noticed a bag of meat
    10 | D        | Noticed a bag of meat
    11 | D        | Noticed a bag of meat
    11 | D        | Noticed a bag of meat
    11 | D        | Noticed a meat berserker
    11 | D        | Killed a bag of meat
    11 | D        | Reached skill level 10 in Fighting
    11 | D        | Reached skill level 16 in Axes
    11 | D        | Gained mutation: You have a pair of small antennae on your head. [demonic ancestry]
    11 | D        | Reached XP level 2. HP: 19/36 MP: 2/2
    11 | D        | Reached XP level 3. HP: 22/42 MP: 3/3
    11 | D        | Gained mutation: You are partially covered in icy blue scales (AC +1). [demonic ancestry]
    11 | D        | Reached XP level 4. HP: 25/48 MP: 4/4
    11 | D        | Gained mutation: You are mostly covered in icy blue scales (AC +3, EV -1). [demonic ancestry]
    11 | D        | Reached XP level 5. HP: 28/54 MP: 5/5
    11 | D        | Reached XP level 6. HP: 31/61 MP: 6/6
    11 | D        | Reached XP level 7. HP: 34/67 MP: 7/7
    11 | D        | Gained mutation: Your flesh is heat resistant. [demonic ancestry]
    11 | D        | Reached XP level 8. HP: 37/73 MP: 8/8
    11 | D        | Gained mutation: You are completely covered in icy blue scales (AC +4, EV -1, rC+). [demonic ancestry]
    11 | D        | Reached XP level 9. HP: 40/79 MP: 9/9
    11 | D        | Reached XP level 10. HP: 43/86 MP: 10/10
    11 | D        | Gained mutation: You are immune to clouds of flame. [demonic ancestry]
    11 | D        | Reached XP level 11. HP: 46/92 MP: 11/11
    11 | D        | Noticed a bag of meat
    12 | D        | Noticed a bag of meat
    12 | D        | Noticed a bag of meat
    12 | D        | Noticed a bag of meat
    12 | D        | Killed a meat berserker
    12 | D        | Acquired Makhleb's first power
    12 | D        | Reached skill level 20 in Axes
    12 | D        | Reached XP level 12. HP: 48/103 MP: 12/12
    12 | D        | Gained mutation: You sometimes gain a little power by taking damage. [demonic ancestry]
    12 | D        | Reached XP level 13. HP: 50/109 MP: 13/13
    12 | D        | Killed a meat berserker
    12 | D        | Reached skill level 22 in Axes
    12 | D        | Gained mutation: Your demonic aura causes spilled blood to erupt in flames. [demonic ancestry]
    12 | D        | Reached XP level 14. HP: 53/121 MP: 14/14
    12 | D        | Killed a bag of meat
    12 | D        | Acquired Makhleb's second power
    12 | D        | Reached skill level 15 in Fighting
    12 | D        | Reached skill level 23 in Axes
    12 | D        | Reached XP level 15. HP: 55/129 MP: 15/15
    12 | D        | Noticed a bag of meat
    13 | D        | Noticed a bag of meat
    13 | D        | Noticed a bag of meat
    13 | D        | Noticed a bag of meat
    13 | D        | Noticed a meat berserker
    13 | D        | Noticed a meat berserker
    13 | D        | Killed a bag of meat
    13 | D        | Reached skill level 24 in Axes
    14 | D        | Noticed a bag of meat
    14 | D        | Noticed a bag of meat
    14 | D        | Killed a bag of meat
    14 | D        | Acquired Makhleb's third power
    14 | D        | Reached skill level 25 in Axes
    14 | D        | Killed a meat berserker
    14 | D        | Reached skill level 27 in Axes
    14 | D        | Reached skill level 15 in Throwing
    14 | D        | Gained mutation: You sometimes gain power by taking damage. [demonic ancestry]
    14 | D        | Reached XP level 16. HP: 138/143 MP: 16/16
    15 | D        | Noticed a bag of meat
    15 | D        | Noticed a bag of meat
    15 | D        | Killed a bag of meat
    15 | D        | Reached skill level 27 in Dodging
    15 | D        | Noticed a bag of meat
    16 | D        | Noticed a bag of meat
    16 | D        | Noticed a bag of meat
    16 | D        | Killed a bag of meat
    16 | D        | Acquired Makhleb's fourth power
    16 | D        | Reached XP level 17. HP: 155/160 MP: 17/17
    17 | D        | Noticed a bag of meat
    17 | D        | Noticed a bag of meat
    17 | D        | Killed a bag of meat
    18 | D        | Noticed a bag of meat
    18 | D        | Killed a meat berserker
    19 | D        | Noticed a bag of meat
    19 | D        | Killed a bag of meat
    19 | D        | Acquired Makhleb's fifth power
    19 | D        | Reached skill level 27 in Fighting
    19 | D        | Reached XP level 18. HP: 180/182 MP: 18/18
    20 | D        | Noticed a bag of meat
    20 | D        | Noticed a bag of meat
    20 | D        | Noticed a bag of meat
    20 | D        | Noticed a destroyer
    20 | D        | Noticed a destroyer
    21 | D        | Noticed a bag of meat
    21 | D        | Noticed a bag of meat
    21 | D        | Killed a bag of meat
    21 | D        | Killed a bag of meat
    21 | D        | Reached skill level 27 in Throwing
    21 | D        | Killed a bag of meat
    21 | D        | Killed a bag of meat
    21 | D        | Reached XP level 19. HP: 189/189 MP: 18/31
    21 | D        | Killed a bag of meat
    21 | D        | Reached skill level 10 in Armour
    21 | D        | Reached skill level 10 in Unarmed Combat
    21 | D        | Reached skill level 10 in Spellcasting
    22 | D        | Noticed a bag of meat
    22 | D        | Noticed a bag of meat
    22 | D        | Killed a bag of meat
    23 | D        | Killed a bag of meat
    23 | D        | Killed a bag of meat
    23 | D        | Reached skill level 15 in Stealth
    23 | D        | Killed a bag of meat
    23 | D        | Reached skill level 15 in Armour
    23 | D        | Reached skill level 15 in Unarmed Combat
    23 | D        | Reached skill level 15 in Spellcasting
    24 | D        | Killed a bag of meat
    24 | D        | Reached XP level 20. HP: 197/197 MP: 18/40
    24 | D        | Killed a bag of meat
    24 | D        | Killed a destroyer
    25 | D        | Noticed a destroyer
    25 | D        | Killed a bag of meat
    25 | D        | Killed a bag of meat
    25 | D        | Gained mutation: You have a pair of antennae on your head. [demonic ancestry]
    25 | D        | Reached XP level 21. HP: 204/204 MP: 18/45
    25 | D        | Killed a bag of meat
    25 | D        | Reached skill level 27 in Invocations
    26 | D        | Noticed a destroyer
    27 | D        | Killed a bag of meat
    27 | D        | Killed a bag of meat
    27 | D        | Killed a bag of meat
    27 | D        | Killed a bag of meat
    28 | D        | Noticed a bag of meat
    28 | D        | Killed a bag of meat
    28 | D        | Reached XP level 22. HP: 212/212 MP: 19/50
    29 | D        | Noticed a destroyer
    29 | D        | Killed a destroyer
    29 | D        | Reached skill level 27 in Stealth
    29 | D        | Killed a bag of meat
    29 | D        | Killed a bag of meat
    29 | D        | Reached skill level 27 in Armour
    29 | D        | Reached skill level 27 in Unarmed Combat
    29 | D        | Reached skill level 27 in Spellcasting
    29 | D        | Killed a bag of meat
    29 | D        | Noticed a large bag of meat
    30 | D        | Noticed a meat berserker
    30 | D        | Killed a bag of meat
    31 | D        | Killed a bag of meat
    31 | D        | Gained mutation: You have a pair of large antennae on your head (SInv). [demonic ancestry]
    31 | D        | Reached XP level 23. HP: 219/219 MP: 20/54
    31 | D        | Killed a bag of meat
    32 | D        | Noticed a meat berserker
    32 | D        | Killed a destroyer
    33 | D        | Killed a destroyer
    34 | D        | Noticed a meat berserker
    34 | D        | Killed a bag of meat
    34 | D        | Gained mutation: You resist negative energy. [demonic ancestry]
    34 | D        | Reached XP level 24. HP: 227/227 MP: 20/54
    34 | D        | Killed a destroyer
    34 | D        | Killed a meat berserker
    35 | D        | Killed a large bag of meat
    36 | D        | Noticed a bag of meat
    36 | D        | Killed a meat berserker
    37 | D        | Killed a meat berserker
    37 | D        | Gained mutation: You are powered by pain. [demonic ancestry]
    37 | D        | Reached XP level 25. HP: 234/234 MP: 21/54
    37 | D        | Killed a bag of meat
    38 | D        | Noticed a large bag of meat
    38 | D        | Noticed a meat berserker
    38 | D        | Killed a bag of meat
    39 | D        | Noticed a bag of meat
    40 | D        | Killed a meat berserker
    41 | D        | Noticed a large bag of meat
    41 | D        | Noticed a bag of meat
    41 | D        | Noticed a meat berserker
    42 | D        | Noticed a large bag of meat
    42 | D        | Noticed a bag of meat
    43 | D        | Noticed a bag of meat
    44 | D        | Noticed a bag of meat
    44 | D        | Killed a meat berserker
    44 | D        | Killed a large bag of meat
    45 | D        | Noticed a bag of meat
    45 | D        | Noticed a destroyer
    45 | D        | Noticed a tyrant
    47 | D        | Killed a bag of meat
    47 | D        | Gained mutation: You are somewhat able to resist unholy torments (1 in 2 success). [demonic ancestry]
    47 | D        | Reached XP level 26. HP: 242/242 MP: 24/54
    47 | D        | Killed a large bag of meat
    47 | D        | Killed a meat berserker
    48 | D        | Noticed a bag of meat
    48 | D        | Noticed a bag of meat
    48 | D        | Noticed a sculptor of flesh
    48 | D        | Killed a large bag of meat
    48 | D        | Killed a bag of meat
    49 | D        | Noticed a bag of meat
    49 | D        | Noticed a meat berserker
    49 | D        | Killed a bag of meat
    49 | D        | Killed a bag of meat
    50 | D        | Noticed a bag of meat
    50 | D        | Noticed a destroyer
    50 | D        | Noticed a bag of meat
    50 | D        | Killed a destroyer
    51 | D        | Noticed a meat berserker
    52 | D        | Noticed a bag of meat
    52 | D        | Noticed a bag of meat
    53 | D        | Killed a destroyer
    53 | D        | Gained mutation: Your melee attacks sometimes drain vitality from your foes. [demonic ancestry]
    53 | D        | Reached XP level 27. HP: 249/249 MP: 25/54
    54 | D        | Noticed a large bag of meat
    54 | D        | Noticed a destroyer
    54 | D        | Killed a bag of meat
    54 | D        | Killed a meat berserker
    55 | D        | Noticed a bag of meat
    55 | D        | Noticed a bag of meat
    55 | D        | Killed a tyrant
    56 | D        | Noticed The Servant
    56 | D        | Noticed a bag of meat
    56 | D        | Killed a meat berserker
    56 | D        | Killed a bag of meat
    57 | D        | Killed a bag of meat
    58 | D        | Noticed a bag of meat
    58 | D        | Noticed a bag of meat
    58 | D        | Noticed a tyrant
    58 | D        | Killed a bag of meat
    59 | D        | Noticed a destroyer
    59 | D        | Noticed a meat beast
    60 | D        | Noticed a bag of meat
    61 | D        | Killed a meat beast
    61 | D        | Killed a bag of meat
    62 | D        | Noticed a meat berserker
    62 | D        | Killed a bag of meat
    62 | D        | Killed a destroyer
    63 | D        | Killed a bag of meat
    63 | D        | Killed a destroyer
    64 | D        | Killed a sculptor of flesh
    64 | D        | Killed a bag of meat
    64 | D        | Killed a meat berserker
    65 | D        | Noticed a bag of meat
    65 | D        | Noticed a bag of meat
    65 | D        | Killed a bag of meat
    66 | D        | Noticed a tyrant
    66 | D        | Killed a large bag of meat
    67 | D        | Noticed a sculptor of flesh
    67 | D        | Killed a meat berserker
    67 | D        | Killed a tyrant
    67 | D        | Killed a bag of meat
    68 | D        | Killed a bag of meat
    68 | D        | Killed a bag of meat
    68 | D        | Killed a bag of meat
    69 | D        | Killed a bag of meat
    70 | D        | Noticed an accursed
    70 | D        | Noticed a bag of meat
    70 | D        | Noticed a bag of meat
    71 | D        | Noticed a meat beast
    71 | D        | Noticed a bag of meat
    71 | D        | Killed The Servant
    71 | D        | Killed a bag of meat
    72 | D        | Killed a bag of meat
    72 | D        | Killed a bag of meat
    72 | D        | Killed a bag of meat
    73 | D        | Killed a bag of meat
    74 | D        | Noticed a destroyer
    74 | D        | Noticed a bag of meat
    75 | D        | Noticed a bag of meat
    75 | D        | Noticed a meat berserker
    75 | D        | Noticed a meat beast
    75 | D        | Killed a bag of meat
    75 | D        | Killed a tyrant
    75 | D        | Killed a destroyer
    75 | D        | Killed a meat beast
    76 | D        | Noticed a meat beast
    76 | D        | Killed a sculptor of flesh
    77 | D        | Noticed a meat beast
    77 | D        | Noticed an accursed
    78 | D        | Killed a bag of meat
    78 | D        | Killed a meat beast
    79 | D        | Killed a bag of meat
    80 | D        | Killed a meat berserker
    81 | D        | Noticed a meat berserker
    81 | D        | Noticed a dread
    81 | D        | Killed a meat beast
    82 | D        | Killed a meat beast
    83 | D        | Killed an accursed
    84 | D        | Noticed a wretched soul
    84 | D        | Killed a bag of meat
    86 | D        | Noticed a bag of meat
    87 | D        | Noticed a wretched soul
    87 | D        | HP: 10/249 [??? (5)]
    87 | D        | Mangled by a meat berserker

Action                   |  1- 3 |  4- 6 |  7- 9 | 10-12 | 13-15 | 16-18 | 19-21 | 22-24 | 25-27 || total
-------------------------+-------+-------+-------+-------+-------+-------+-------+-------+-------++-------
Melee: Executioner's axe |     1 |       |       |     1 |     2 |     6 |     4 |     8 |    36 ||    58
Invok: Greater Servant o |       |       |       |       |       |       |       |       |     3 ||     3
       Major Destruction |       |       |       |       |       |       |       |       |     1 ||     1
